 Dungeon Crawl Stone Soup version 0.23.2 (webtiles) character file.

Game seed: 850805832859404812

157 Menchi the Skirmisher (level 5, 0/47 HPs)
             Began as a Ghoul Fighter on Apr 6, 2019.
             Slain by a gnoll
             ... wielding a +0 halberd
              (3 damage)
             ... on level 3 of the Dungeon.
             The game lasted 00:05:27 (1543 turns).

Menchi the Skirmisher (Ghoul Fighter)               Turns: 1543, Time: 00:05:27

Health: 0/47       AC: 10    Str: 25    XL:     5   Next: 38%
Magic:  4/4        EV: 10    Int:  4    God:
Gold:   159        SH:  0    Dex: 10    Spells: 4/4 levels left

rFire    . . .     SeeInvis .   a - +0 long sword
rCold    + . .     Gourm    .   (no shield)
rNeg     + + +     Faith    .   b - +0 scale mail
rPois    ∞         Spirit   .   n - +0 helmet
rElec    .         Reflect  .   c - +2 cloak
rCorr    .         Harm     .   (no gloves)
MR       .....                  (no boots)
Stlth    ..........             (no amulet)
HPRegen  0.00/turn              i - +2 ring of dexterity
MPRegen  0.09/turn              (no ring)

@: mighty, rotting
A: rotting body, claws 1, carnivore, cold resistance 1, negative energy
resistance 3, inhibited regeneration, torment resistance, unbreathing
a: no special abilities


You were on level 3 of the Dungeon.
You were not hungry.

You visited 1 branch of the dungeon, and saw 3 of its levels.

You collected 159 gold pieces.

Inventory:

Hand Weapons
 a - a +0 long sword (weapon)
Armour
 b - a +0 scale mail (worn)
 c - a +2 cloak (worn)
 n - a +0 helmet (worn)
Jewellery
 i - a +2 ring of dexterity (left claw)
Scrolls
 e - a scroll of remove curse
 g - 2 scrolls of identify
 h - a scroll of enchant armour {unknown}
 k - a scroll of immolation {unknown}
 l - a scroll of enchant weapon {unknown}
 m - a scroll of amnesia {unknown}
Comestibles
 f - 2 rations
 j - 3 chunks of flesh


   Skills:
 * Level 4.4 Fighting
 * Level 3.8 Long Blades
 - Level 2.6 Armour
 * Level 1.5 Dodging
   Level 2.6 Shields


You had 4 spell levels left.
You didn't know any spells.
Your spell library was empty.

Dungeon Overview and Level Annotations

Branches:
Dungeon (3/15)

Altars:
Zin

Shops:
D:3 *


Innate Abilities, Weirdness & Mutations

Your body is rotting away.
You thrive on raw meat.
You are immune to poison.
You have sharp fingernails.
You are carnivorous and can eat meat at any time.
Your flesh is cold resistant. (rC+)
You are immune to negative energy. (rN+++)
You do not regenerate when monsters are visible.
You are immune to unholy pain and torment.
You can survive without breathing.


Message History

The gnoll hits you from afar with a +0 spear.
* * * LOW HITPOINT WARNING * * *
The adder bites you but does no damage.
A hobgoblin comes into view. It is wielding a +0 club.
The orc hits you with a +0 dagger.
* * * LOW HITPOINT WARNING * * *
You closely miss the adder. The adder barely misses you.
The gnoll barely misses you. x2; The orc closely misses you.
The adder bites you but does no damage. The gnoll hits you but does no damage.
You closely miss the adder.
The gnoll hits you from afar with a +0 halberd.
* * * LOW HITPOINT WARNING * * *
The adder bites you but does no damage. The orc barely misses you.
The gnoll hits you but does no damage.
You slash the adder!
You kill the adder!
The gnoll closely misses you. The orc hits you but does no damage.
The gnoll hits you but does no damage.
The gnoll hits you from afar with a +0 halberd.
You die...

#######.#######
###.....#÷#.....#
##......(.....##.#
##.....#..###<....#
#.....###.#########
#..∩.._⌠#.........
..
#.....###Sg#######
...####.....#.go###
(............gg>@[#
...##.......g######
#........#
#......o.#
#.........#
............#
......g..g...#
.......###....#
##.#... ....#


You could see 4 gnolls, an adder, an orc and a hobgoblin.

Vanquished Creatures
  Robin (D:3)
  7 adders
  2 oozes (D:3)
  3 dart slugs
  A leopard gecko (D:1)
  A giant cockroach (D:1)
  17 goblins
  6 hobgoblins
  6 jackals (D:2)
  2 quokkas (D:2)
  6 bats
  5 frilled lizards
  4 kobolds
  7 rats
68 creatures vanquished.

Notes
Turn   | Place    | Note
-------+----------+-------------------------------------------
     0 | D:1      | Menchi the Ghoul Fighter began the quest for the Orb.
     0 | D:1      | Reached XP level 1. HP: 19/19 MP: 0/0
    97 | D:1      | Reached XP level 2. HP: 26/27 MP: 1/1
   677 | D:2      | Reached XP level 3. HP: 28/32 MP: 2/2
   734 | D:2      | Reached skill level 4 in Fighting
   749 | D:2      | Reached skill level 1 in Dodging
   776 | D:2      | Reached XP level 4. HP: 38/39 MP: 3/3
  1447 | D:3      | Reached XP level 5. HP: 38/46 MP: 4/4
  1450 | D:3      | Noticed Robin
  1491 | D:3      | Killed Robin
  1517 | D:3      | Found Zin's Purification Station.
  1519 | D:3      | Found a glowing silver altar of Zin.
  1543 | D:3      | Slain by a gnoll

Skill      XL: |  1  2  3  4 |
---------------+-------------+-----
Long Blades    | 2 3 |  3.8
Fighting       | 4 |  4.4
Dodging        | 1 |  1.5
Armour         | |  2.6
Shields        | |  2.6

Action                   |  1- 3 |  4- 6 || total
-------------------------+-------+-------++-------
Melee: Long sword        |   124 |   133 ||   257
  Use: Scroll            |       |     1 ||     1
       Potion            |       |     1 ||     1
  Eat: Chunk             |     7 |    11 ||    18
Armor: Scale mail        |    93 |   100 ||   193
Dodge: Dodged            |    77 |    90 ||   167
       Rpst.: Long sword |    20 |    25 ||    45
